 Dungeon Crawl Stone Soup version 0.24.0-29-g8ce449bc06 (webtiles) character file.

Game seed: 16991329274784443776, levelgen mode: deterministic

44 Grit the Sneak (level 3, 0/27 HPs)
             Began as a Demonspawn Assassin on Nov 14, 2019.
             Slain by an adder (1 damage)
             ... on level 2 of the Dungeon.
             The game lasted 00:02:15 (1037 turns).

Grit the Sneak (Demonspawn Assassin)                Turns: 1037, Time: 00:02:16

Health: 0/27       AC:  3    Str: 11    XL:     3   Next: 41%
Magic:  3/3        EV: 12    Int: 12    God:
Gold:   74         SH:  0    Dex: 15    Spells: 2/2 levels left

rFire    . . .     SeeInvis .   a - +2 dagger
rCold    . . .     Gourm    .   (no shield)
rNeg     . . .     Faith    .   b - +0 robe
rPois    .         Spirit   .   (no helmet)
rElec    .         Reflect  .   c - +0 cloak
rCorr    .         Harm     .   (no gloves)
MR       .....                  (no boots)
Stlth    +++.......             (no amulet)
HPRegen  0.09/turn              (no ring)
MPRegen  0.08/turn              (no ring)

@: no status effects
A: talons 1
a: no special abilities


You were on level 2 of the Dungeon.
You were not hungry.

You visited 1 branch of the dungeon, and saw 2 of its levels.

You collected 74 gold pieces.

Inventory:

Hand Weapons
 a - a +2 dagger (weapon)
Missiles
 d - 8 poisoned darts (quivered)
 e - 2 curare-tipped darts
Armour
 b - a +0 robe (worn)
 c - a +0 cloak (worn)
Scrolls
 h - a scroll of fog {unknown}
 i - 2 scrolls of remove curse {unknown}
 j - 2 scrolls of identify {unknown}
 m - a scroll of teleportation {unknown}
 n - a scroll of immolation {unknown}
 o - a scroll of random uselessness {unknown}
Potions
 g - a potion of invisibility {unknown}
 k - a potion of cancellation {unknown}
 l - 3 potions of curing {unknown}
Comestibles
 f - 2 rations


   Skills:
 - Level 2.0 Fighting
 + Level 2.2 Short Blades
 - Level 1.7 Throwing
 + Level 1.6 Dodging
 * Level 4.3 Stealth


You had 2 spell levels left.
You didn't know any spells.
Your spell library was empty.

Dungeon Overview and Level Annotations

Branches:
Dungeon (2/15)

Altars:
Zin


Innate Abilities, Weirdness & Mutations

You have sharp toenails.


Message History

The rat is severely wounded.
The bat hits you but does no damage. The rat misses you.
The hobgoblin misses you. The adder bites you.
You closely miss the rat. You claw the rat.
You kill the rat!
The bat misses you. The adder barely misses you.
The hobgoblin hits you with a +0 club.
You closely miss the kobold. The bat barely misses you. The adder bites you.
* * * LOW HITPOINT WARNING * * *
The kobold closely misses you. The hobgoblin barely misses you.
You hit the kobold but do no damage. Your kick misses the kobold.
The adder barely misses you. The bat closely misses you.
The kobold hits you with a +0 short sword.
* * * LOW HITPOINT WARNING * * *
The hobgoblin hits you with a +0 club.
* * * LOW HITPOINT WARNING * * *
You closely miss the kobold. You claw the kobold.
The kobold is moderately wounded.
The bat hits you but does no damage. The adder bites you.
You die...

##....# ..### ##.#.##
#.#>< #.#..# #.#.# #
#.##.# #.#.# .# #.##.#
###.#.##.###
###.##.####.......[...
.......................
######...#...#..>g#.#.#.
###.............@K......
....##...#...#..bS..#.#.
##.####)##)..#.#.#......
#.## #.##...#.#.#....#.
#..# #.##...#.#.. .....
#########...#.......#..
##_## #...###### .# .
8...8 #.†.# .# #.....#
#...######


You could see an adder, a hobgoblin, a bat and a kobold.

Vanquished Creatures
  A dart slug (D:1)
  8 giant cockroaches
  3 goblins
  9 hobgoblins
  A quokka (D:2)
  A ball python (D:1)
  3 bats
  5 frilled lizards
  2 kobolds
  6 rats
39 creatures vanquished.

Notes
Turn   | Place    | Note
-------+----------+-------------------------------------------
     0 | D:1      | Grit the Demonspawn Assassin began the quest for the Orb.
     0 | D:1      | Reached XP level 1. HP: 16/16 MP: 1/1
    46 | D:1      | Reached skill level 1 in Dodging
   249 | D:1      | Gained mutation: You have sharp toenails. [demonic
                  | ancestry]
   249 | D:1      | Reached XP level 2. HP: 17/22 MP: 2/2
   522 | D:1      | Reached skill level 4 in Stealth
   664 | D:2      | Reached XP level 3. HP: 24/27 MP: 3/3
   772 | D:2      | Found a glowing silver altar of Zin.
  1036 | D:2      | HP: 1/27 [hobgoblin/+0 club (2)]
  1037 | D:2      | Slain by an adder

Levels and vault maps discovered:
D:1:      nicolae_arrival_washed_ashore, layout_basic
D:2:      layout_loops_ring, nicolae_overflow_hidden_temple, grunt_ministairs_7,
          hangedman_feature_mirror, minmay_statues_item,
          kennysheep_decorative_pillar, hangedman_decor_riveting, bloody_makhleb

Skill      XL: |  1  2 |
---------------+-------+-----
Dodging        | 1 |  1.6
Short Blades   | 2 |  2.2
Stealth        | 4 |  4.3
Fighting       | |  2.0
Throwing       | |  1.7

Action                   || total
-------------------------++-------
Melee: Dagger            ||   105
       Kick              ||    24
 Stab: Sleeping          ||     6
Armor: Robe              ||    21
Dodge: Dodged            ||    75
